 Seeded DCSS version 0.28.0-47-ge53b351184 (webtiles) character file.

Game seed: 20220505 (custom seed)

244 jessy the Ducker (level 6, -2/47 HPs)
             Began as a Gnoll Wanderer on May 5, 2022.
             Was a Priest of Lugonu.
             Slain by a gnoll
             ... wielding a +0 whip
              (4 damage)
             ... on level 4 of the Dungeon.
             The game lasted 00:14:16 (4384 turns).

jessy the Ducker (Gnoll Wanderer)                   Turns: 4384, Time: 00:14:16

Health: -2/47      AC:  9    Str: 16    XL:     6   Next: 10%
Magic:  8/8        EV: 11    Int:  9    God:    Lugonu [***...]
Gold:   146        SH:  0    Dex: 11    Spells: 8/8 levels left

rFire   . . .      SeeInvis .   v - +0 long sword
rCold   . . .      Faith    .   (no shield)
rNeg    . . .      Spirit   .   c - +0 scale mail
rPois   .          Reflect  .   (no helmet)
rElec   .          Harm     .   (no cloak)
rCorr   .          Rampage  .   m - +0 pair of gloves
Will    .....                   (no boots)
Stlth   ..........              (no amulet)
HPRegen 0.15/turn               (no ring)
MPRegen 0.11/turn               (no ring)

@: lit by a corona, glowing
A: fangs 1, strong nose, distributed training
a: Renounce Religion, Depart the Abyss, Bend Space, Banish


You were on level 4 of the Dungeon.
You worshipped Lugonu.
Lugonu was most pleased with you.
You visited 1 branch of the dungeon, and saw 4 of its levels.

You collected 146 gold pieces.

Inventory:

Hand Weapons
 a - a +0 flail
 b - a +0 quarterstaff
 e - a +0 short sword
 g - a +0 dagger
 h - a +0 spear
 j - a +0 trident
 s - a +0 club
 t - a +0 whip
 v - a +0 long sword (weapon)
 x - a +0 short sword of speed
Missiles
 i - 16 bolts
 n - 89 stones (quivered)
 o - 39 arrows
Armour
 c - a +0 scale mail (worn)
 m - a +0 pair of gloves (worn)
 w - a +0 ring mail
Scrolls
 d - 2 scrolls of vulnerability {unknown}
 k - 3 scrolls of teleportation {unknown}
 p - a scroll of brand weapon {unknown}
 q - 2 scrolls of identify {unknown}
 r - a scroll of enchant armour {unknown}
Potions
 f - 2 potions of lignification
 l - 2 potions of mutation {unknown}
 u - a potion of degeneration {unknown}


   Skills:
 + Level 3.1 Fighting
 + Level 1.8 Short Blades
 + Level 1.8 Long Blades
 + Level 1.8 Axes
 + Level 4.9 Maces & Flails
 + Level 1.8 Polearms
 + Level 3.1 Staves
 + Level 1.8 Slings
 + Level 1.8 Bows
 + Level 1.8 Crossbows
 + Level 1.8 Throwing
 + Level 6.8 Armour
 + Level 6.8 Dodging
 + Level 1.8 Stealth
 + Level 1.8 Shields
 + Level 1.8 Unarmed Combat
 + Level 1.8 Spellcasting
 + Level 1.4 Conjurations
 + Level 1.4 Hexes
 + Level 1.4 Summonings
 + Level 1.4 Necromancy
 + Level 1.4 Translocations
 + Level 1.4 Transmutations
 + Level 1.4 Fire Magic
 + Level 1.4 Ice Magic
 + Level 1.4 Air Magic
 + Level 1.4 Earth Magic
 + Level 1.4 Poison Magic
 + Level 2.0 Invocations
 + Level 1.8 Evocations


You had 8 spell levels left.
You didn't know any spells.
Your spell library contained the following spells:

 Spells                   Type           Power      Damage    Failure   Level
 Animate Skeleton         Necr           6%         N/A       52%         1
 Apportation              Tloc           6%         N/A       52%         1
 Summon Small Mammal      Summ           12%        N/A       52%         1
 Blink                    Tloc           6%         N/A       65%         2
 Call Canine Familiar     Summ           3%         N/A       87%         3
 Summon Guardian Golem    Hex/Summ       3%         N/A       87%         3
 Manifold Assault         Tloc           3%         N/A       100%        5
 Storm Form               Tmut/Air       1%         N/A       100%        7


Dungeon Overview and Level Annotations

Branches:
Dungeon (4/15)
 Temple: D:4-7

Altars:
Fedhas
Lugonu

Shops:
D:1 (=[


Innate Abilities, Weirdness & Mutations

You have very sharp teeth.
Your uncanny sense of smell can sniff out nearby items.
Your experience applies equally to all skills.


Message History

The gnoll is almost dead.
The gnoll hits you but does no damage.
The gnoll shaman calls upon its god to heal the gnoll.
The gnoll is healed somewhat.
The gnoll hits you with a +0 club.
You hit the gnoll.
The gnoll is almost dead.
The gnoll hits you but does no damage. The gnoll shaman completely misses you.
The gnoll barely misses you.
You barely miss the gnoll. You punch the gnoll. Your bite misses the gnoll.
The gnoll is lightly wounded.
The gnoll hits you but does no damage. The gnoll hits you with a +0 club.
The gnoll shaman hits you with a +0 club.
The gnoll hits you but does no damage. x3
You barely miss the gnoll.
The gnoll is lightly wounded.
The gnoll hits you with a +0 club!
The gnoll shaman invokes the aid of its god against you.
You are outlined in light.
The gnoll hits you but does no damage. The gnoll closely misses you.
The gnoll hits you but does no damage. The gnoll hits you with a +0 club.
You closely miss the gnoll. You bite the gnoll.
The gnoll is moderately wounded.
The gnoll shaman hits you with a +0 club.
The gnoll barely misses you. The gnoll hits you but does no damage.
The gnoll hits you with a +0 whip.
* * * LOW HITPOINT WARNING * * *
The gnoll hits you with a +0 club.
* * * LOW HITPOINT WARNING * * *
The gnoll shaman hits you but does no damage.
You hit the gnoll.
The gnoll is moderately wounded.
The gnoll hits you with a +0 flail.
* * * LOW HITPOINT WARNING * * *
The gnoll hits you but does no damage. The gnoll barely misses you. x2
The gnoll shaman hits you with a +0 club.
* * * LOW HITPOINT WARNING * * *
The gnoll hits you with a +0 flail!
* * * LOW HITPOINT WARNING * * *
The gnoll hits you with a +0 whip.
You die...

#######.........
#...............
#.......)#
#......).####
#..........<#
............#
............#
.####..gg...#
#..@gg..#
#...gg...#
#....##..#
+....+...#
#....# #.#
#....# .. #....#
#.# #....# ..


You could see a gnoll shaman and 5 gnolls.

Vanquished Creatures
  Terence (D:2)
  Natasha (thrice) (D:2)
  A hound skeleton (D:4)
  6 adders (D:2)
  3 worms
  3 dart slugs
  5 endoplasms
  5 giant cockroaches
  4 goblins
  5 hobgoblins
  4 jackals (D:2)
  2 quokkas
  11 ball pythons
  A bat (D:1)
  7 kobolds
  9 rats
70 creatures vanquished.

Vanquished Creatures (others)
  6 plants (D:1)
6 creatures vanquished.

Grand Total: 76 creatures vanquished

Notes
Turn   | Place    | Note
-------+----------+-------------------------------------------
     0 | D:1      | jessy the Gnoll Wanderer began the quest for the Orb.
     0 | D:1      | jessy set off with the following items: a +0 flail, a +0
                  | quarterstaff, a +0 scale mail
     0 | D:1      | Reached XP level 1. HP: 17/17 MP: 1/1
   129 | D:1      | Reached XP level 2. HP: 14/23 MP: 2/2
   254 | D:1      | Found Umei's Antique Weapon Shop.
   550 | D:1      | Found Quac's Jewellery Boutique.
   632 | D:1      | Found Bala's Armour Shop.
   723 | D:1      | Reached XP level 3. HP: 22/28 MP: 3/3
   939 | D:1      | Found a faded altar of an unknown god.
   953 | D:1      | Prayed at the altar of an unknown god.
   953 | D:1      | Became a worshipper of Lugonu the Unformed
   953 | D:1      | Reached * piety under Lugonu
   953 | D:1      | Reached ** piety under Lugonu
  1262 | D:2      | Reached skill level 1 in Invocations
  1286 | D:2      | Reached skill level 1 in Short Blades
  1286 | D:2      | Reached skill level 1 in Long Blades
  1286 | D:2      | Reached skill level 1 in Axes
  1286 | D:2      | Reached skill level 1 in Polearms
  1286 | D:2      | Reached skill level 1 in Slings
  1286 | D:2      | Reached skill level 1 in Bows
  1286 | D:2      | Reached skill level 1 in Crossbows
  1286 | D:2      | Reached skill level 1 in Throwing
  1286 | D:2      | Reached skill level 1 in Stealth
  1286 | D:2      | Reached skill level 1 in Shields
  1286 | D:2      | Reached skill level 1 in Unarmed Combat
  1286 | D:2      | Reached skill level 1 in Spellcasting
  1286 | D:2      | Reached skill level 1 in Evocations
  1297 | D:2      | Reached XP level 4. HP: 26/34 MP: 5/5
  1395 | D:2      | Noticed Natasha
  1406 | D:2      | Killed Natasha
  1407 | D:2      | Reached skill level 1 in Conjurations
  1407 | D:2      | Reached skill level 1 in Hexes
  1407 | D:2      | Reached skill level 1 in Summonings
  1407 | D:2      | Reached skill level 1 in Necromancy
  1407 | D:2      | Reached skill level 1 in Translocations
  1407 | D:2      | Reached skill level 1 in Transmutations
  1407 | D:2      | Reached skill level 1 in Fire Magic
  1407 | D:2      | Reached skill level 1 in Ice Magic
  1407 | D:2      | Reached skill level 1 in Air Magic
  1407 | D:2      | Reached skill level 1 in Earth Magic
  1407 | D:2      | Reached skill level 1 in Poison Magic
  1595 | D:2      | Noticed Natasha
  1617 | D:2      | Killed Natasha
  1618 | D:2      | Reached XP level 5. HP: 19/40 MP: 5/7
  1898 | D:2      | Noticed Terence
  1910 | D:2      | Killed Terence
  2165 | D:2      | Found a blossoming altar of Fedhas.
  2827 | D:2      | Noticed Natasha
  2841 | D:2      | Killed Natasha
  3563 | D:3      | Reached *** piety under Lugonu
  3564 | D:3      | Reached XP level 6. HP: 35/47 MP: 8/8
  4384 | D:4      | HP: 2/47 [gnoll/+0 flail (9)]
  4384 | D:4      | Slain by a gnoll

Illustrated notes

Levels and vault maps discovered:
D:1:      arrival_zaba_pyramid, layout_rooms, serial_shops, nicolae_square_shop,
          nicolae_square_shop, nicolae_shop_statue_plus,
          shapermc_ecumenical_altar_hornbeckon
D:2:      layout_basic, basic_altar, minmay_snake_closets, uniq_terence,
          uniq_natasha
D:3:      layout_loops_ring
D:4:      layout_basic, corexii_corridor_pit, minmay_box_of_dots

Skill      XL: |  1  2  3  4  5  6 |
---------------+-------------------+-----
Invocations    | 1 2 |  2.0
Short Blades   | 1 |  1.8
Long Blades    | 1 |  1.8
Axes           | 1 |  1.8
Polearms       | 1 |  1.8
Slings         | 1 |  1.8
Bows           | 1 |  1.8
Crossbows      | 1 |  1.8
Throwing       | 1 |  1.8
Stealth        | 1 |  1.8
Shields        | 1 |  1.8
Unarmed Combat | 1 |  1.8
Spellcasting   | 1 |  1.8
Evocations     | 1 |  1.8
Conjurations   | 1 |  1.4
Hexes          | 1 |  1.4
Summonings     | 1 |  1.4
Necromancy     | 1 |  1.4
Translocations | 1 |  1.4
Transmutations | 1 |  1.4
Fire Magic     | 1 |  1.4
Ice Magic      | 1 |  1.4
Air Magic      | 1 |  1.4
Earth Magic    | 1 |  1.4
Poison Magic   | 1 |  1.4
Fighting       | 3 |  3.1
Staves         | 3 |  3.1
Maces & Flails | |  4.9
Armour         | |  6.8
Dodging        | |  6.8

Action                   |  1- 3 |  4- 6 || total
-------------------------+-------+-------++-------
Melee: Flail             |    88 |   129 ||   217
       Bite              |     8 |    18 ||    26
       Punch             |     2 |     5 ||     7
       Long sword        |       |    52 ||    52
  Use: Potion            |       |     3 ||     3
Armor: Scale mail        |    61 |   132 ||   193
       Skin              |       |    31 ||    31
Dodge: Dodged            |    92 |   182 ||   274
